[Event "FIDE World School-ch O-13 2025"]
[Site "Vrnjacka Banja"]
[Date "2025.03.22"]
[Round "4.1"]
[White "Obidov, Biloliddin"]
[Black "Yurasov, Matfey"]
[Result "1/2-1/2"]
[Annotator "TA"]
[ECO "B22"]
[WhiteElo "2020"]
[BlackElo "2271"]
[PlyCount "113"]
[EventDate "2025.03.19"]
[EventType "swiss"]
[EventCountry "SRB"]
[SourceTitle "playchess.com"]
[Source "ChessBase"]
[SourceQuality "1"]
[TimeControl "5400+30"]

1. e4 c5 2. Nf3 e6 3. c3 Nf6 4. e5 Nd5 5. d4 cxd4 6. cxd4 d6 7. Bc4 dxe5 {[%emt 0:00:05] 7...Be7 is becoming the main line.} 8. dxe5 {[%emt 0:00:07] B22: Sicilian: 2 c3.} Be7 9. O-O O-O 10. Bd2 Bd7 11. Nc3 Bc6 12. Qe2 Nb6 13. Bd3 N8d7 14. Bf4 Nd5 15. Nxd5 Bxd5 16. Rfd1 $146 ({Predecessor:} 16. Rad1 Rc8 17. Rfe1 Nc5 18. Bb1 Qb6 19. Ng5 h6 20. Nh7 Rfd8 21. Qg4 Kh8 22. Qh5 {0-1 Perez Rodriguez,J (2162)-Ghader Pour,S (2025) Wch U20 Girls 22nd 2004 (6)}) 16... Qb6 17. Ng5 Bxg5 18. Bxg5 Nxe5 19. Qxe5 {[%emt 0:10:19] Black must now prevent Be3.} f6 {[%emt 0:00:07] [#]} 20. Bxf6 Rxf6 21. Rd2 Raf8 22. Qe3 (22. Qe1 $11) 22... Qb4 (22... Rxf2 $1 $15 23. Qxf2 (23. Qxb6 $2 Rxd2 24. Qd4 Rxg2+ 25. Kh1 Rg4+ $19) 23... Rxf2 24. Rxf2 g6) 23. a3 Qh4 (23... Qg4 24. Qg3 Qxg3 25. hxg3 Rd8) 24. Qg3 (24. Qxa7 $2 Qg5 (24... Bxg2 $2 25. Qe3 $19) 25. Bxh7+ Kxh7 26. Rxd5 exd5 $19) 24... Qh6 (24... Qxg3 25. hxg3 R6f7 26. Rc1 Rd8) 25. Rc2 Rf4 26. Re1 Qf6 27. Bf1 h5 28. h3 h4 29. Qe3 Qg6 30. Qc1 R4f5 31. Re3 Rg5 {[%emt 0:00:36][%cal Rg5g2] ( -> ...Rxg2+)} (31... a6 {simplifies} 32. Rce2 Rg5 33. f3 Rxf3 34. Rxf3 Bxf3 35. Rf2 Bc6) 32. f3 $1 Bxf3 ({Better is} 32... Rxf3 $11 33. Rxf3 Bxf3) 33. Rf2 (33. Rxe6 $1 $14 Qxe6 (33... Rxg2+ $2 34. Rxg2 Qxe6 35. Bc4 $18) 34. Qxg5) 33... Rg3 {[%emt 0:06:19][%cal Og6g5] Counterplay White} 34. Qc3 (34. Qc4 $5 Bd5 $8 (34... Rxh3 $2 35. Rxe6 b5 36. Rxg6+ $18) 35. Rxf8+ Kxf8 36. Qc5+ (36. Qxh4 $2 Rxg2+ 37. Kh1 Rg1+ 38. Kh2 Rh1#) (36. Qf4+ Kg8 $11) 36... Kg8 37. Qc8+ (37. Rxg3 hxg3 38. Qe3 Be4 $15) 37... Kf7 (37... Kh7 38. Bd3 $11) 38. Qd7+ Kf6 39. Qd8+ Kf7 40. Qc7+ (40. Qd7+ Kf8 $11) 40... Kg8 41. Qc8+ $11 (41. Qd8+ Kf7 $11)) 34... Bc6 $36 {[%emt 0:08:45][%mdl 2048] Black fights for an advantage.} 35. Rxf8+ Kxf8 36. Rxg3 hxg3 $11 {[%emt 0:00:52][%mdl 4096] Endgame KQB-KQB. Black is a pawn up.} 37. Qc5+ (37. Qe5 {looks sharper.} Qf6 38. Qxg3 Qxb2 39. Qd6+) 37... Kf7 38. Qxa7 (38. Qe5 $11) 38... Qe4 $17 {[%emt 0:01:41] and ...e5 would now be decisive} 39. b4 $2 (39. Qb6 $1 $15) 39... e5 $1 $19 40. b5 Bd5 41. a4 Ke6 $2 (41... Qd4+ $1 $19 42. Qxd4 exd4) 42. a5 $15 Qd4+ 43. Qxd4 exd4 $17 {[%emt 0:00:01] KB-KB} 44. a6 $2 {[%emt 0:01:44][%mdl 8192] [#]} (44. Bd3 $11) 44... bxa6 $1 $19 45. bxa6 Kd6 46. Bd3 Kc5 47. Kf1 {[%emt 0:00:55] [#]} (47. h4 $142 Kb4 48. Be2 (48. a7 $2 Kc3 $19)) 47... g5 $2 (47... Kb4 $1 $19 48. Be2 (48. a7 $2 Kc3 $19) 48... Kc3) 48. Be2 $2 ({Don't blunder} 48. a7 $2 Kb6 49. Be2 Kxa7 $19) (48. Kg1 $1 $11) 48... Be4 49. Bg4 Kb6 50. Bc8 (50. Be2) 50... Bd3+ 51. Ke1 Kc7 $2 (51... Bxa6 $19 52. Bf5 Bb7) 52. Bb7 $11 {[%emt 0:00:38] The position is equal.} Bb5 (52... Kb6 $5 53. Kd2 $8 Bc4 $11 (53... Bxa6 54. Bxa6 Kxa6 55. Kd3 $18)) 53. Kd2 Bc4 54. Kc2 Kb6 55. Kd2 Bb5 (55... Bxa6 $2 56. Bxa6 Kc7 (56... Kxa6 $2 57. Kd3 $18) 57. Ke2 $18) (55... Bf1 $5) 56. Kc2 Kc7 (56... Bxa6 $2 57. Bxa6 Kc6 (57... Kxa6 $2 {perishes.} 58. Kd3 $18) 58. Kd3 $18) 57. Kd2 {[%emt 0:00:07] Whites escaped into a draw.   Weighted Error Value: White=0.48/Black=0.30  Loses game:     	White=3     	---        Missed win:     	---       	Black=2      Mistake:       	White=5     	Black=2      Inaccurate:     	White=2     	---        OK:         	White=15    	Black=20     Best:        	White=1     	Black=4      Strong:       	White=1     	Black=2      Brilliant:      	White=1     	---} 1/2-1/2

[Event "FIDE World School-ch O-13 2025"]
[Site "Vrnjacka Banja"]
[Date "2025.03.22"]
[Round "4.2"]
[White "Wijerathna, Vinuka Dihain"]
[Black "Yang, Maxwell"]
[Result "1/2-1/2"]
[Annotator "TA"]
[ECO "B23"]
[WhiteElo "2117"]
[BlackElo "1970"]
[PlyCount "101"]
[EventDate "2025.03.19"]
[EventType "swiss"]
[EventCountry "SRB"]
[SourceTitle "playchess.com"]
[Source "ChessBase"]
[SourceQuality "1"]
[TimeControl "5400+30"]

1. e4 c5 2. Nc3 d6 3. d4 cxd4 4. Qxd4 Nc6 5. Qd2 g6 6. b3 {[%emt 0:00:04] B23: Closed Sicilian: Lines without g3.} Bh6 7. f4 f5 8. Bb2 Nf6 9. O-O-O Rf8 10. exf5 Bxf5 11. Bb5 Qb6 12. Nge2 O-O-O $146 (12... Ne4 13. Nxe4 Bxe4 14. Bxc6+ Qxc6 15. Kb1 e5 16. Rhe1 O-O-O 17. g3 Bf3 18. Qa5 Bxe2 19. Rxe2 exf4 20. Qxa7 {½-½ So,W (2767)-Volokitin,A (2627) FIDE Chess.com Grand Swiss 2019 (3)}) 13. Rhf1 Kb8 (13... e5 $11) 14. Bxc6 $14 Qxc6 15. Nd4 Qd7 16. Nxf5 Qxf5 17. Kb1 Rf7 18. g3 e5 {[%emt 0:11:27] [#]} (18... Bg7 $14) 19. Nb5 $1 $18 Ne4 {[%emt 0:05:40] Repels Qf2} 20. Qd3 (20. Qa5 $18 b6 21. Qa4) 20... a6 $14 {[%emt 0:03:38] [#]} (20... exf4 $2 21. Nd4 Qd5 22. c4 $18) 21. g4 $1 Qxg4 22. Qxe4 (22. fxe5 $2 Rxf1 23. Qxf1 axb5 $19) ({Better is} 22. Bxe5 $14 axb5 23. Qxe4) 22... axb5 ({Black should play} 22... Rxf4 $11 23. Qe1 axb5 (23... Rxf1 24. Qxf1 axb5 25. Bxe5 $11)) 23. Qd5 (23. Bxe5 $14 Rfd7 24. Bd4) 23... Rfd7 (23... Rxf4 $11 24. Rg1 (24. Qxb5 Qd7 $17) 24... Qd7) 24. fxe5 $16 (24. Qxb5 Bxf4 25. Bc3 Rc8 $17 (25... Bxh2 $2 26. Ba5 $18)) 24... dxe5 25. Qxe5+ (25. Bxe5+ $2 {loses.} Ka8 26. Bd6 Rxd6 $19) 25... Ka8 26. Rxd7 Qxd7 {[%emt 0:00:06] [#]} 27. a4 $1 {[%emt 0:04:52] White is more active.} Qd5 ({Worse is} 27... bxa4 28. Qa5+ Kb8 29. Be5+ (29. bxa4 b6 $18)) 28. axb5 Qxe5 29. Bxe5 {[%emt 0:05:03][%mdl 4096] Endgame KRB-KRB. White is a pawn up.} Rd5 30. Bg3 Rxb5 31. Rf7 Be3 32. Rxh7 Rf5 33. Rd7 Ka7 34. Kb2 Bf2 35. Bxf2+ (35. Rd3 $16) 35... Rxf2 {[%emt 0:00:10] KR-KR. White is a pawn up.} 36. h4 Rf4 37. Rh7 Rg4 38. c4 Kb6 39. Kc3 g5 $2 (39... Ka6 $14) 40. Rh6+ Ka7 41. h5 {[%emt 0:00:54] Threatens to win with Rg6.} Rh4 (41... Rg3+ $142 42. Kb4 Rh3) 42. Kb4 $2 (42. Kd3 $18) 42... g4 $14 {[%emt 0:00:26] White is slightly better.} 43. Rg6 Rxh5 44. Rxg4 Rf5 45. Rg7 Rf6 46. Re7 Rb6+ 47. Kc3 Rh6 48. b4 Rh3+ 49. Kb2 Ka6 50. Re6+ Ka7 51. c5 {[%emt 0:00:45] Weighted Error Value: White=0.22 (precise) /Black=0.22 (precise)   Missed win:     	White=1     	---        Mistake:       	White=4     	Black=6      Inaccurate:     	White=2     	Black=2      OK:         	White=20    	Black=17     Best:        	White=2     	Black=3      Strong:       	White=1     	---} 1/2-1/2

[Event "FIDE World School-ch O-13 2025"]
[Site "Vrnjacka Banja"]
[Date "2025.03.22"]
[Round "4.3"]
[White "Rusu, Lucas"]
[Black "Zharas, Aldiyar"]
[Result "1-0"]
[Annotator "TA"]
[ECO "B33"]
[WhiteElo "2049"]
[BlackElo "1924"]
[PlyCount "155"]
[EventDate "2025.03.19"]
[EventType "swiss"]
[EventCountry "SRB"]
[SourceTitle "playchess.com"]
[Source "ChessBase"]
[SourceQuality "1"]
[TimeControl "5400+30"]

1. e4 c5 2. Nf3 Nc6 3. d4 cxd4 4. Nxd4 Nf6 5. Nc3 e5 6. Ndb5 d6 7. Bg5 a6 8. Na3 b5 9. Nd5 Be7 10. Bxf6 Bxf6 11. c3 Rb8 12. Nc2 Bg5 13. g3 O-O 14. Bg2 Be6 {[%emt 0:00:39] B33: Sicilian: Pelikan and Sveshnikov Variations.} 15. O-O Ne7 (15... a5 $11) 16. Ncb4 Bxd5 {[%emt 0:03:55] White is slightly better.} 17. Nxd5 f5 $146 (17... Nxd5 $11 18. Qxd5 g6) ({Predecessor:} 17... Nxd5 18. Qxd5 Qc7 19. Rfd1 Rfd8 20. h4 Bf6 21. Bf1 Qc5 22. a3 g6 23. Qb3 Kg7 {1-0 Moskalenko,A (2524)-Nogerbek,K (2282) Titled Tuesday intern op 4th June blitz 2019 (2)}) 18. exf5 $16 Nxf5 19. Qd3 (19. Nb4 $18 Qc8 20. a4) 19... Ne7 20. Rad1 Kh8 21. Be4 (21. h4 $1 $16 Bf6 22. Ne3) 21... Nxd5 $14 22. Bxd5 Rf6 {[%emt 0:00:00] Black is weak on the light squares} 23. h4 Bh6 24. Be4 g6 25. Kg2 $36 {[%emt 0:08:00][%mdl 2048] White fights for an advantage.} Qb6 26. f3 Rd8 27. h5 Kg7 28. hxg6 hxg6 29. Rh1 Qc5 30. Bd5 Rh8 31. Qe4 a5 (31... Qe3) 32. Bb3 $1 $16 Qc7 {[%emt 0:00:00] Wards off Qb7} 33. Rh3 (33. a3 $18) 33... a4 34. Bc2 {[%emt 0:00:18] White has more active pieces.} a3 35. bxa3 {[%emt 0:03:23][%csl Ob5,Og6] Black has weak pawns} Qxc3 36. Bb3 $1 Rhf8 $1 37. Rf1 {[%emt 0:02:12][%cal Bd1f1,Bf1f2,Bf2c2][%mdl 32] Really sharp!} (37. Qb7+ $2 R6f7 38. Qe4 Rxf3 $19) 37... Rc8 38. Rf2 Qa5 (38... Qc6 $1 $14) 39. Qh4 Rh8 (39... g5 $16 {is a better defense.} 40. Qg4 Rc7) 40. Rc2 $18 Qd8 {[%emt 0:00:00] [#]} 41. Qe4 (41. g4 $1 $18 {[%cal Rg4g5] and White stays clearly on top. and g5 would now be decisive} g5 (41... d5 $2 42. g5 $18) 42. Qf2) 41... Qd7 42. Qd5 (42. Rh4 $16) 42... Rff8 43. Qc6 $1 Qxc6 44. Rxc6 Rc8 {[%emt 0:00:00] Inhibits Rc7+.} 45. Rxd6 Rhd8 {[%emt 0:00:00] Wards off Rd7+} 46. Rxd8 Rxd8 $14 {[%emt 0:00:00][%mdl 4096] Endgame KRB-KRB. White is a pawn up.} 47. Rh4 Rd4 ({Black should try} 47... Rd2+ $14 48. Kh3 Rf2) 48. Rxd4 $16 exd4 {[%emt 0:00:00] KB-KB. White is a pawn up.} 49. Bc2 Bc1 {[%emt 0:00:00] [#]} 50. Bd3 $1 Bxa3 51. Bxb5 g5 52. f4 gxf4 (52... Kf6 $16) 53. gxf4 $18 Kf6 54. Kf3 Ke6 55. Ke4 Bc5 56. Bc4+ (56. Bd3 $18) 56... Kd6 $16 57. f5 Bb6 58. f6 Bc5 $2 (58... Kd7 $16 59. Bf7 Kd6) 59. Kf5 $18 Ba3 (59... Kc6 $142 60. Ke6 Bf8) 60. Kg6 $2 (60. Bd3 $18 Kc5 61. f7) 60... Kc5 $1 $11 61. Bd3 Kb4 $1 62. Kf5 Kc3 63. Ke4 Bc5 $2 (63... Kd2 $11 {and Black has nothing to worry.}) 64. a4 $18 {[%emt 0:00:29] Intending a5 and mate.} Kb4 65. Kd5 $2 ({White should play} 65. Bb5 $18) 65... Bf8 $1 $14 66. Bc2 $1 ({But not} 66. Kxd4 Kxa4 67. Bc4 Ka5 $11) 66... d3 $1 67. Bd1 $1 Ka5 68. Ke6 Kb6 $2 (68... d2 $14 69. f7 Bg7) 69. Kf7 $18 Bb4 70. Ke8 (70. Kg8 $142 d2 71. f7) 70... d2 71. f7 {[%emt 0:00:04] White mates.} Ka5 72. f8=Q Bxf8 73. Kxf8 {[%emt 0:00:00] KB-KP} Kb4 74. Ke7 Kc5 75. Ke6 Kc6 76. Ke5 Kc5 77. Ke4 Kc4 78. Ke3 {[%emt 0:00:04] Weighted Error Value: White=0.30/Black=0.39  Loses game:     	---       	Black=3      Mistake:       	White=7     	Black=8      Inaccurate:     	White=3     	Black=4      OK:         	White=21    	Black=11     Best:        	White=5     	Black=4      Strong:       	White=6     	Black=5} 1-0

[Event "FIDE World School-ch O-13 2025"]
[Site "Vrnjacka Banja"]
[Date "2025.03.22"]
[Round "4.4"]
[White "Petroff, Vlad"]
[Black "Lee, Tsuen Jin Aiesec"]
[Result "1/2-1/2"]
[Annotator "TA"]
[ECO "D02"]
[WhiteElo "2030"]
[BlackElo "1693"]
[PlyCount "108"]
[EventDate "2025.03.19"]
[EventType "swiss"]
[EventCountry "SRB"]
[SourceTitle "playchess.com"]
[Source "ChessBase"]
[SourceQuality "1"]
[TimeControl "5400+30"]

1. d4 Nf6 2. Nf3 g6 3. Nbd2 d5 4. e3 Bg7 5. b4 O-O 6. c4 a5 {[%emt 0:01:37] D02: 1 d4 d5 2 Nf3 sidelines, including 2...Nf6 3 g3 and 2...Nf6 3 Bf4.} 7. b5 c6 8. a4 Ne4 {[%emt 0:00:19] White has an edge.} 9. Bb2 (9. cxd5 Nxd2 10. Qxd2 cxd5 11. Bb2) 9... Bg4 10. Be2 Nd7 (10... Nxd2 11. Nxd2 Bxe2 12. Qxe2 Nd7) 11. O-O cxb5 $146 (11... Nxd2 12. Nxd2 Bxe2 13. Qxe2 cxb5 14. axb5 e5 15. c5 Re8 16. c6 bxc6 17. bxc6 Nb8 {½-½ Hernandez Jimenez,J (2007)-Toro Castaneda,M (2032) COL-ch U18 final 2021 (6)}) 12. cxb5 (12. axb5 $14 Nxd2 13. Nxd2 Bxe2 14. Qxe2) 12... Bxf3 13. Nxf3 Nb6 14. Qb3 Qd7 15. Ba3 Rac8 16. Rac1 {[%emt 0:06:31] Dodges Rc3} Qe6 17. Rfd1 Rfd8 18. h3 h5 19. Bd3 Nc4 20. Bxc4 (20. Rc2 $11) 20... dxc4 $15 21. Qa2 Bf6 22. Nd2 Nxd2 23. Rxd2 Kg7 (23... c3 $11 24. Qxe6 fxe6) 24. Rdc2 Rc7 25. Qb2 (25. b6 $5 Qxb6 26. Rxc4 $14) 25... b6 26. Rc3 Rdc8 27. Qd2 Kh7 28. R3c2 Kg7 29. Bb2 Qd6 30. e4 {[%emt 0:04:02] [#]} Qd8 31. Qe3 {[%emt 0:06:36] and e5 should not be overlooked} e6 32. Bc3 Kh7 33. Rd1 Rd7 34. Rcd2 Bg5 35. f4 Be7 36. Kh1 Bb4 37. d5 Bxc3 38. Qxc3 exd5 39. exd5 Rd6 40. Kh2 (40. Rd4 {simplifies} Qf6 41. Rc1 Rc5 42. Rxc4 Qxc3 43. R4xc3 Rcxd5 44. Rc6) 40... Rc5 41. Qe5 c3 42. Rc2 Rdxd5 43. Rxd5 Qxd5 (43... Rxd5 $15 {is more appropriate.} 44. Qxc3 Rd4) 44. Qxd5 $11 Rxd5 45. Rxc3 $15 {[%emt 0:00:19][%mdl 4096] Endgame KR-KR} Rd4 46. Rc6 (46. Kg3 $11 {keeps the balance.}) 46... Rxa4 (46... Rxf4 $17 47. Rxb6 Rxa4) 47. f5 Rf4 48. fxg6+ {[%emt 0:00:13] The position is equal.} fxg6 49. Rxb6 Rb4 50. Rb7+ Kh6 51. b6 a4 52. Ra7 Rxb6 53. Rxa4 Rc6 54. h4 Rb6 {[%emt 0:00:05] Weighted Error Value: White=0.14 (very precise) /Black=0.12 (very precise)   Mistake:       	White=3     	Black=3      Inaccurate:     	White=6     	Black=5      OK:         	White=18    	Black=13     Best:        	White=4     	Black=3} 1/2-1/2

[Event "FIDE World School-ch O-13 2025"]
[Site "Vrnjacka Banja"]
[Date "2025.03.22"]
[Round "4.5"]
[White "Kudrin, Ivan"]
[Black "Eshwar Veerappan Aiyappan"]
[Result "1/2-1/2"]
[Annotator "NA RC"]
[ECO "B31"]
[WhiteElo "1977"]
[BlackElo "1765"]
[PlyCount "63"]
[EventDate "2025.03.19"]
[EventType "swiss"]
[EventCountry "SRB"]
[SourceTitle "playchess.com"]
[Source "ChessBase"]
[SourceQuality "1"]
[TimeControl "5400+30"]

1. e4 c5 2. Nf3 Nc6 3. Bb5 g6 4. Bxc6 dxc6 5. d3 Bg7 6. h3 e5 7. Be3 Qe7 8. a4 a5 9. O-O Nf6 10. Nbd2 O-O 11. Nc4 Nd7 12. Qd2 b6 13. Bh6 Ba6 14. Bxg7 Kxg7 15. Qc3 Bxc4 16. Qxc4 Rae8 17. Nd2 f5 18. exf5 gxf5 19. Rae1 Kh8 20. f4 Qg7 21. Re2 exf4 22. Rxe8 Rxe8 23. Qxf4 Qxb2 24. Qxf5 Qd4+ 25. Kh1 Rf8 26. Qe6 Rxf1+ 27. Nxf1 Qf6 28. Qxd7 Qxf1+ 29. Kh2 Qf4+ 30. Kh1 Qf1+ 31. Kh2 Qf4+ 32. Kh1 1/2-1/2

[Event "FIDE World School-ch O-13 2025"]
[Site "Vrnjacka Banja"]
[Date "2025.03.22"]
[Round "4.6"]
[White "You, Eden"]
[Black "Sukhanov, Nikita"]
[Result "1/2-1/2"]
[Annotator "NA RC"]
[ECO "C47"]
[WhiteElo "2083"]
[BlackElo "1764"]
[PlyCount "72"]
[EventDate "2025.03.19"]
[EventType "swiss"]
[EventCountry "SRB"]
[SourceTitle "playchess.com"]
[Source "ChessBase"]
[SourceQuality "1"]
[TimeControl "5400+30"]

1. e4 e5 2. Nf3 Nc6 3. Nc3 Nf6 4. d4 exd4 5. Nxd4 Bb4 6. Nxc6 bxc6 7. Bd3 O-O 8. O-O d5 9. exd5 cxd5 10. h3 h6 11. Qf3 c5 12. Rd1 Be6 13. Bf4 Qe7 14. Nb5 c4 15. Bf1 Rac8 16. c3 Bc5 17. Be3 Rb8 18. Nd4 Rxb2 19. Re1 Re8 20. Bc1 Rb6 21. Nf5 Qd8 22. Ng3 d4 23. cxd4 Bxd4 24. Rd1 Rd6 25. Bf4 Rd7 26. Rac1 Qb6 27. Be3 Bxe3 28. Qxe3 Qxe3 29. fxe3 Rxd1 30. Rxd1 c3 31. Rc1 Rc8 32. Ne2 Ne4 33. Rc2 Bd7 34. Nd4 Ba4 35. Rc1 Bc6 36. Ba6 Rc7 1/2-1/2

[Event "FIDE World School-ch O-13 2025"]
[Site "Vrnjacka Banja"]
[Date "2025.03.22"]
[Round "4.7"]
[White "Nanayakkara, Sanuk"]
[Black "Sakotic, Nikola"]
[Result "1/2-1/2"]
[Annotator "NA RC"]
[ECO "A49"]
[WhiteElo "1813"]
[BlackElo "2039"]
[PlyCount "36"]
[EventDate "2025.03.19"]
[EventType "swiss"]
[EventCountry "SRB"]
[SourceTitle "playchess.com"]
[Source "ChessBase"]
[SourceQuality "1"]
[TimeControl "5400+30"]

1. Nf3 Nf6 2. g3 g6 3. Bg2 Bg7 4. O-O c5 5. d4 cxd4 6. Nxd4 O-O 7. e4 Nc6 8. Be3 d5 9. exd5 Nxd5 10. Nxc6 bxc6 11. Bd4 Nb4 12. Bxg7 Kxg7 13. Nd2 Bf5 14. Be4 Bxe4 15. Nxe4 Qd5 16. Qe2 Qb5 17. c4 Qe5 18. a3 Na6 1/2-1/2

[Event "FIDE World School-ch O-13 2025"]
[Site "Vrnjacka Banja"]
[Date "2025.03.22"]
[Round "4.8"]
[White "Simiyu Jadon"]
[Black "Ilcic, Aleksa"]
[Result "0-1"]
[Annotator "TA"]
[ECO "B31"]
[WhiteElo "1937"]
[BlackElo "1822"]
[PlyCount "72"]
[EventDate "2025.03.19"]
[EventType "swiss"]
[EventCountry "SRB"]
[SourceTitle "playchess.com"]
[Source "ChessBase"]
[SourceQuality "1"]
[TimeControl "5400+30"]

1. e4 c5 2. Nf3 Nc6 3. Bb5 g6 4. Bxc6 dxc6 5. d3 Bg7 6. O-O e5 7. h3 Qc7 {[%emt 0:01:46] B31: Sicilian: 2...Nc6 3 Bb5 g6.} 8. Qd2 $146 (8. Be3 b6 9. a3 a5 10. Nbd2 Nf6 11. b4 cxb4 12. axb4 a4 13. c4 b5 14. cxb5 cxb5 {0-1 Vidit,S (2716)-Carlsen,M (2839) Chess.com Speed Chess blitz 2023 (1.6)}) 8... b6 9. a4 a5 {[%emt 0:03:52] The position is equal.} 10. Qc3 h6 11. Nbd2 Be6 12. Re1 Rd8 13. Nc4 Bxc4 14. dxc4 Ne7 15. Be3 O-O 16. Rad1 Nc8 17. Bd2 Rfe8 18. Qe3 Nd6 19. b3 f5 20. exf5 e4 21. Nh2 (21. Nh4 g5 22. Bc3 gxh4 $17) (21. fxg6 $1 $11 exf3 22. Qxf3 Rxe1+ 23. Rxe1) 21... Nxf5 $17 ({Don't play} 21... gxf5 $6 22. Qg3 Re6 23. Bf4 $14) 22. Qf4 {[%emt 0:00:13][%mdl 8192] This move loses the game for White.} (22. Qe2 $17) 22... Be5 $19 23. Qg4 Bxh2+ 24. Kh1 Kh7 25. g3 {[%emt 0:01:21] [#]} Bxg3 26. fxg3 e3 27. Bc3 {[%emt 0:01:35] Against Re4} Qxg3 $2 (27... Rxd1 28. Rxd1 Re4 (28... Qxg3 29. Rd7+ Kg8 30. Rg7+ Kf8 31. Qxf5+ gxf5 32. Rxg3 $18) (28... Nxg3+ $2 29. Kg1 $19)) 28. Rxd8 Rxd8 29. Qxg3 Nxg3+ {[%emt 0:00:06][%mdl 4096] Endgame KRB-KRN. Black is two pawns up.} 30. Kg2 Nf5 31. Re2 (31. Be5 $142) 31... Rd1 32. Be5 (32. Re1 $142 Rxe1 33. Bxe1) 32... Rd2 (32... Nh4+ $142 33. Kg3 g5 (33... Nf5+ $2 34. Kf4 $19)) 33. Kf1 Rd7 ({Much less strong is} 33... Rd1+ 34. Re1 Rd7 (34... Rd2 $2 35. Bc7 $19) 35. Bb2) 34. Kg2 $2 (34. Re1) 34... g5 {[%emt 0:01:00] Black is clearly winning.} 35. Bh2 Kg6 {[%emt 0:00:19] [#] and ...Nh4+ should not be overlooked} 36. Bg1 Rd2 {[%emt 0:00:28] Weighted Error Value: White=1.12/Black=0.68  Loses game:     	White=1     	---        Mistake:       	White=4     	Black=1      Inaccurate:     	White=3     	Black=1      OK:         	White=6     	Black=11     Best:        	White=3     	Black=3} 0-1